 Dungeon Crawl Stone Soup version bcrawl-1.40.3b (webtiles) character file.

Game seed: 13690695925280961186

561054 yrara the Bludgeoner (level 16, -19/127 HPs)
             Began as a Demonspawn Fighter on Feb 15, 2024.
             Was an Initiate of Gozag.
             Demolished by a merfolk impaler
             ... wielding a +0 trident
              (46 damage)
             ... on level 2 of the Shoals.
             The game lasted 00:25:52 (22891 turns).

yrara the Bludgeoner (Demonspawn Fighter)          Turns: 22891, Time: 00:25:52

Health: -19/127    AC: 31    Str: 31    XL:     16   Next: 10%
Magic:  16/16      EV: 20    Int: 11    God:    Gozag
Gold:   446        SH:  0    Dex: 29    Spells: 15/15 levels left

rFire    . . .     GDR:     43% a - +9 demon whip (flame)
rCold    + . .     SeeInvis +   (no shield)
rNeg     + . .     Gourm    .   q - +9 plate armour of the Dungeon {Regen+ Str+4 Slay+2}
rPois    .         Faith    .   (helmet unavailable)
rElec    .         Spirit   .   D - +2 cloak {MR+}
rCorr    .         Reflect  .   Z - +1 pair of gauntlets of War {Slay+6}
MR       ++...                  c - +2 pair of boots "Wesucw" {+Fly SInv}
Stlth    +.........             Y - macabre finger necklace {rN+}
HPRegen  0.71/turn              f - +6 ring of evasion
MPRegen  0.15/turn              R - +6 ring of strength
                                N - +4 ring of protection

@: sleeping, marked, gold aura, mesmerised, studying Ice Magic
A: horns 3, talons 1, flexible skeleton 3, see invisible, cold resistance 1,
nightstalker 1, powered by pain 1, freezing cloud immunity
a: Potion Petition, Call Merchant, Bribe Branch, Renounce Religion, Evoke Flight


You were on level 2 of the Shoals.
You worshipped Gozag.
Gozag was aware of your devotion.
You were hungry.

You visited 6 branches of the dungeon, and saw 23 of its levels.
You also visited: Trove, Gauntlet and Ice Cave.

You collected 8010 gold pieces.
You spent 3358 gold pieces at shops.
You paid 4206 gold pieces to Gozag.

Inventory:

Hand Weapons
 a - a +9 demon whip of flaming (weapon)
 b - a +5 longbow of flaming
Missiles
 s - 2256 arrows
 M - 3 throwing nets {=f}
Armour
 c - the +2 pair of boots "Wesucw" (worn) {+Fly SInv}
   (You found it in a treasure trove)

   It lets you see invisible.
   It lets you fly.
 q - the +9 plate armour of the Dungeon (worn) {Regen+ Str+4 Slay+2}
   (You found it in a treasure trove)

   It affects your strength (+4).
   It affects your accuracy and damage with ranged weapons and melee attacks
   (+2).
   It increases your rate of regeneration.
 D - a +2 cloak of magic resistance (worn)
 Z - the +1 pair of gauntlets of War (worn) {Slay+6}
   (You found it in a treasure trove)

   It affects your accuracy and damage with ranged weapons and melee attacks
   (+6).
Jewellery
 f - a +6 ring of evasion (left hand)
 j - an uncursed amulet of guardian spirit
 k - the ring of Wuciosmatou {Ice rPois}
   (You found it on level 1 of the Lair of Beasts)

   [ring of ice]

   It enhances your ice magic.
   It makes you vulnerable to fire.
   It protects you from cold.
   It protects you from poison.
 x - the ring of Wiryta {Ice rElec}
   (You found it on level 6 of the Dungeon)

   [ring of ice]

   It enhances your ice magic.
   It makes you vulnerable to fire.
   It protects you from cold.
   It insulates you from electricity.
 y - a +5 ring of strength
 C - an uncursed ring of wizardry
 H - an uncursed ring of resist corrosion
 N - a +4 ring of protection (on amulet)
 R - a +6 ring of strength (right hand)
 V - an uncursed ring of insulation
 Y - the macabre finger necklace (around neck) {rN+}
   (You bought it in a shop on level 6 of the Dungeon)

   [amulet of nothing]

   It protects you from negative energy.
Wands
 n - a wand of clouds (6)
 r - a wand of polymorph (20)
 t - a wand of iceblast (30)
 z - a wand of disintegration (31)
 G - a wand of acid (16)
 I - a wand of flame (33)
 O - a wand of paralysis (20)
 S - a wand of random effects (1)
 T - a wand of charming (6)
Scrolls
 i - 2 scrolls of identify
 m - 6 scrolls of revelation
 v - a scroll of immolation
 w - 5 scrolls of remove curse
 A - 4 scrolls of fear
 B - 2 scrolls of blinking
 K - 8 scrolls of teleportation
 W - a scroll of enchant armour
Potions
 d - 3 potions of might
 g - 6 potions of curing
 h - 3 potions of brilliance
 l - 6 potions of agility
 o - 4 potions of ambrosia
 p - 2 potions of cancellation
 u - 3 potions of flight
 E - a potion of invisibility
 F - a potion of haste
 J - 2 potions of resistance
 L - a potion of berserk rage
 P - 2 potions of magic
 U - 2 potions of heal wounds
Comestibles
 e - 38 rations {!d}


   Skills:
 + Level 12.0 Fighting
 * Level 19.2 Maces & Flails
 * Level 10.8 Bows
 + Level 9.8 Armour
 + Level 5.9 Dodging
 + Level 6.8 Stealth
   Level 2.6 Shields
 + Level 0.5 Unarmed Combat


You had 15 spell levels left.
You didn't know any spells.
Your spell library contained the following spells:

 Spells                   Type           Power        Failure   Level  Hunger
 Throw Frost              Conj/Ice       #.....       78%         2    ####...
 Apportation              Tloc           #.....       94%         1    None
 Corona                   Hex            #......      94%         1    None
 Freeze                   Ice            #.....       94%         1    None
 Infusion                 Chrm           #.......     94%         1    None
 Magic Dart               Conj           #...         94%         1    None
 Necrotize                Necr           #.....       94%         1    None
 Sandblast                Erth           #.....       94%         1    None
 Slow                     Hex            #.......     94%         1    None
 Sting                    Conj/Pois      #...         94%         1    None
 Summon Butterflies       Summ           #.......     94%         1    None
 Blink                    Tloc           N/A          98%         2    ####...
 Call Imp                 Summ           #.....       98%         2    ####...
 Ensorcelled Hibernation  Hex/Ice        #.....       98%         2    ####...
 Poisonous Vapours        Pois/Air       #.....       98%         2    ####...
 Conjure Flame            Conj/Fire      #.......     100%        3    #####..
 Ignite Poison            Fire/Tmut/Pois #.......     100%        3    #####..
 Mephitic Cloud           Conj/Pois/Air  #.......     100%        3    #####..
 Ozocubu's Armour         Chrm/Ice       #.......     100%        3    #####..
 Spider Form              Tmut/Pois      #..          100%        3    #####..
 Vampiric Draining        Necr           #.........   100%        3    #####..
 Agony                    Necr           #.......     100%        4    ######.
 Animate Dead             Necr           N/A          100%        4    ######.
 Ice Form                 Ice/Tmut       #.......     100%        4    ######.
 Olgreb's Toxic Radiance  Pois           #........    100%        4    ######.
 Summon Ice Beast         Ice/Summ       #.......     100%        4    ######.
 Summon Scorpions         Summ/Pois      #.......     100%        4    ######.
 Throw Icicle             Conj/Ice       #.......     100%        4    ######.
 Dispel Undead            Necr           #.......     100%        5    #######
 Venom Bolt               Conj/Pois      #.........   100%        5    #######
 Borgnjor's Vile Clutch   Necr/Erth      #.........   100%        6    #######
 Darkness                 Hex            #.........   100%        6    #######
 Infestation              Hex/Tmut/Pois  #........    100%        6    #######
 Shadow Creatures         Summ           N/A          100%        7    #######
 Time Stop                Chrm/Tloc      N/A          100%        8    #######


Dungeon Overview and Level Annotations

Branches:
Dungeon (12/12)            Temple (1/1) D:7            Lair (6/6) D:7
 Shoals (2/3) Lair:2        Snake (1/3) Lair:3        Slime (0/5) Orc
    Orc (1/1) D:8             Elf (0/3) Lair:5       Vaults (0/3) D:12
 Depths (0/5) D:12

Altars:
Ashenzari
Cheibriados
Dithmenos
Fedhas
Gozag
Hepliaklqana
Kikubaaqudgha
Lugonu
Makhleb
Nemelex Xobeh
Qazlal
Ru
Sif Muna
Trog
Uskayaw
Vehumet
Wu Jian
Xom
Yredelemnul
Jiyva

Shops:
D:4 (   D:5 *%*}   D:6 ([*=*(   D:7 [=   D:8 ?!?   Orc ?[(?!

Annotations:
D:7 1 runed translucent door, WandererXX's ghost, novice DsWn
Lair:1 3 runed translucent doors, foxfromabyss's ghost, journeyman GnSA
Lair:5 exclusion: downstairs


Innate Abilities, Weirdness & Mutations

You have a pair of large horns on your head.
Your bones are mutable (Dex +15) but body armour is less effective.
Your flesh is cold resistant. (rC+)
You are slightly more attuned to the shadows.
You sometimes gain a little power by taking damage.
You are immune to freezing clouds.
You have sharp toenails.
You have supernaturally acute eyesight. (SInv)


Message History

The merfolk impaler misses you.
Your plate armour of the Dungeon prevents you from hitting the fire crab.
You headbutt the fire crab!
You kill the fire crab!
The faun points at you and mumbles some strange words.
You resist with almost no effort.
A merfolk avatar comes into view.
The merfolk impaler is distracted by your dazzling golden aura.
The wind drake flaps its wings at you. The air twists around and strikes you.
The merfolk impaler hits you but does no damage.
The merfolk siren chants a haunting song.
You are mesmerised by the merfolk siren!
A sea snake comes into view.
The dream sheep shake their wool and sparkle.
You feel drowsy...
You fall asleep.
The dream sheep is distracted by your dazzling golden aura.
The merfolk impaler hits you with a +0 trident!!!
You die...
Your body crumbles into a pile of gold.

≈≈≈≈≈≈≈.##......≈≈≈≈≈≈≈≈$≈P..
≈≈≈≈≈≈≈.###.≈..........m≈≈≈≈.
≈≈≈≈≈≈≈.###.≈.#....≈≈$.≈≈≈≈..
≈≈≈≈≈≈≈≈≈≈...###..Yc...≈≈≈≈P.
≈≈≈≈≈≈≈≈≈≈≈.## #....c..≈≈≈≈..
≈≈≈≈≈≈≈≈≈≈..####..Y....≈≈mm..
≈≈≈≈≈≈≈≈≈≈≈.....Y......≈≈≈.@.
≈≈≈≈≈≈≈≈(≈≈≈..YmY$.....≈≈....
.≈≈≈≈≈≈≈≈≈≈≈...$@m.........
.≈≈≈≈≈≈≈≈≈>$).$##.k.......
.≈≈≈≈≈≈...Sm#####m....>..
.≈≈≈≈≈≈≈≈≈..## ....≈.
≈≈≈≈≈≈≈≈≈≈...# ##....
≈≈≈≈≈≈≈≈≈≈≈..# ##..
≈≈≈≈≈≈≈≈≈≈≈≈.# #.
.≈≈≈≈≈≈≈≈≈≈≈≈≈
.≈≈≈≈≈≈≈≈≈≈≈≈≈≈


You could see a merfolk avatar, 2 merfolk impalers, a sea snake, a wind drake, 2
fauns, a merfolk siren and 5 dream sheep.

Vanquished Creatures
  Frances (Shoals:2)
  Louise (D:12)
  A balrug (Gauntlet)
  The ghost of Sp3rw3r the Peltast, a journeyman SDFi of Cheibriados (D:8)
  A minotaur (Gauntlet)
  Nessos (Lair:6)
  A dire elephant (Lair:6)
  A merfolk javelineer (Shoals:2)
  Azrael (Snake:1)
  Erolcha (D:9)
  Urug (Orc)
  4 hydras
  A naga warrior (Snake:1)
  5 vault guards (D:12)
  3 catoblepae
  2 merfolk avatars (Shoals:1)
  A tengu warrior (Gauntlet)
  Sonja (Lair:2)
  A deep troll shaman (Lair:6)
  16 two-headed ogres
  A satyr (Shoals:2)
  4 ogre magi (Orc)
  4 sea snakes
  10 death yaks
  A sea snake (shapeshifter) (D:11)
  4 shock serpents (Snake:1)
  Nergalle (Orc)
  A fire crab (Shoals:2)
  2 centaur warriors
  A deep elf knight (D:12)
  A fire crab (shapeshifter) (D:12)
  3 unseen horrors
  A wolf spider zombie (D:10)
  2 cyclopes
  A necromancer (IceCv)
  A naga mage (Snake:1)
  An orc sorcerer (D:12)
  A salamander (Snake:1)
  2 fauns (Shoals:2)
  11 elephants
  4 ugly things
  An ice statue (IceCv)
  A guardian serpent (Snake:1)
  3 black mambas
  2 merfolk sirens (Shoals:2)
  2 water nymphs
  5 manticores
  2 gargoyles (D:12)
  11 cane toads
  A yaktaur (D:12)
  6 rime drakes
  8 komodo dragons
  An eye of draining (D:12)
  10 freezing wraiths (IceCv)
  2 wind drakes (Shoals:1)
  4 trolls
  3 harpy skeletons (D:11)
  3 tengu conjurers
  4 polar bears (Lair:6)
  Grinder (D:4)
  11 merfolk
  3 hornets (Gauntlet)
  17 blink frogs
  5 slime creatures (D:12)
  11 dream sheep
  A meliai zombie (D:12)
  Grum (Lair:5)
  5 hippogriffs
  A vampire (D:12)
  A hog (shapeshifter) (D:12)
  A spriggan (Lair:2)
  Eustachio (D:5)
  3 wraiths
  4 basilisks
  3 fire elementals (Snake:1)
  5 humans (D:8)
  26 yaks
  4 vampire mosquitoes (D:12)
  A crocodile (shapeshifter) (D:12)
  3 hungry ghosts
  4 crocodiles
  4 nagas
  2 acid dragons
  4 water moccasins
  Duvessa (D:7)
  7 porcupines
  3 hell hounds
  7 orc warriors
  10 ice beasts
  7 sky beasts
  A soldier ant (shapeshifter) (D:12)
  2 necrophages
  A black bear (D:7)
  25 ogres
  2 phantoms
  5 boggarts (D:12)
  10 wolves
  A blink frog skeleton (D:10)
  10 bullfrogs
  2 kobold brigands
  Blork the orc (D:4)
  7 centaurs
  5 scorpions
  Dowan (D:7)
  An elephant simulacrum (IceCv)
  6 killer bees
  A swamp dragon simulacrum (IceCv)
  5 wights (D:11)
  5 howler monkeys
  8 crimson imps
  7 orc priests
  4 draconian simulacra (IceCv)
  5 hounds
  7 jellies
  A quasit (D:10)
  9 orc wizards
  Crazy Yiuf (D:2)
  3 bullfrog skeletons
  Jessica (D:4)
  Ijyb (D:3)
  4 iguanas
  Natasha (thrice) (D:4)
  A polar bear simulacrum (IceCv)
  6 worker ants
  8 hell rats
  3 troll simulacra (IceCv)
  A killer bee zombie (D:6)
  2 spriggan simulacra (IceCv)
  A wolf simulacrum (IceCv)
  A hound skeleton (D:4)
  2 worker ant zombies
  3 gnolls (D:7)
  10 adders
  5 naga simulacra (IceCv)
  5 ogre simulacra (IceCv)
  6 river rats (Lair:4)
  5 shadow imps
  12 white imps (IceCv)
  A centaur simulacrum (IceCv)
  3 oozes
  An adder zombie (D:6)
  An adder skeleton (D:7)
  A worm (D:6)
  2 dart slugs
  7 leopard geckos
  33 orcs
  3 ball pythons
  5 giant cockroaches
  4 goblins
  10 hobgoblins
  10 kobolds
  4 quokkas
  6 bats
  3 frilled lizards
  4 rats
  A plant (Lair:4)
643 creatures vanquished.

Vanquished Creatures (others)
  Jorgrun (Orc)
  An orc priest (Orc)
  A hell rat (Lair:6)
  24 plants
27 creatures vanquished.

Grand Total: 670 creatures vanquished

Notes
Turn   | Place    | Note
-------+----------+-------------------------------------------
     0 | D:1      | yrara the Demonspawn Fighter began the quest for the Orb.
     0 | D:1      | Reached XP level 1. HP: 18/18 MP: 1/1
    76 | D:1      | Reached skill level 2 in Maces & Flails
    84 | D:1      | Gained mutation: You have a pair of small horns on your
                  | head. [demonic ancestry]
    84 | D:1      | Reached XP level 2. HP: 24/24 MP: 2/2
   227 | D:1      | Gained mutation: You sometimes gain a little power by
                  | taking damage. [demonic ancestry]
   227 | D:1      | Reached XP level 3. HP: 24/29 MP: 3/3
   475 | D:1      | Found a radiant altar of Vehumet.
   940 | D:2      | Reached skill level 3 in Maces & Flails
   940 | D:2      | Gained mutation: You have a pair of horns on your head.
                  | [demonic ancestry]
   940 | D:2      | Reached XP level 4. HP: 28/35 MP: 4/4
  1504 | D:2      | Found a runed door.
  1508 | D:2      | Noticed Crazy Yiuf
  1513 | D:2      | Killed Crazy Yiuf
  1703 | D:3      | Found a radiant altar of Vehumet.
  1794 | D:3      | Gained mutation: You have a pair of large horns on your
                  | head. [demonic ancestry]
  1794 | D:3      | Reached XP level 5. HP: 41/41 MP: 5/5
  1839 | D:3      | Noticed Ijyb
  1864 | D:3      | Killed Ijyb
  2449 | D:4      | Reached skill level 4 in Maces & Flails
  2614 | D:4      | Gained mutation: Your skeleton is somewhat flexible. (Dex
                  | +3) [demonic ancestry]
  2614 | D:4      | Reached XP level 6. HP: 47/47 MP: 6/6
  2657 | D:4      | Noticed Jessica
  2657 | D:4      | Noticed Blork the orc
  2663 | D:4      | Killed Jessica
  2669 | D:4      | Killed Blork the orc
  2670 | D:4      | Reached skill level 1 in Dodging
  2720 | D:4      | Found a shimmering blue altar of Sif Muna.
  2857 | D:4      | Reached skill level 5 in Maces & Flails
  2899 | D:4      | Noticed Natasha
  2905 | D:4      | Killed Natasha
  2914 | D:4      | Noticed Natasha
  2917 | D:4      | Noticed Grinder
  2919 | D:4      | Paralysed by Grinder for 2 turns
  2922 | D:4      | Noticed a sky beast
  2924 | D:4      | Killed Natasha
  2926 | D:4      | Paralysed by Grinder for 3 turns
  2932 | D:4      | Killed a sky beast
  2933 | D:4      | Reached XP level 7. HP: 44/53 MP: 7/7
  2944 | D:4      | Paralysed by Grinder for 4 turns
  2948 | D:4      | Killed Grinder
  2949 | D:4      | Reached skill level 6 in Maces & Flails
  2982 | D:4      | Noticed Natasha
  2989 | D:4      | Killed Natasha
  3087 | D:4      | Found a hazy altar of Hepliaklqana.
  3181 | D:4      | Found Ufiw's Weapon Shoppe.
  3387 | D:5      | Entered Level 5 of the Dungeon
  3397 | D:5      | Noticed Eustachio
  3402 | D:5      | Reached skill level 1 in Stealth
  3415 | D:5      | Killed Eustachio
  3416 | D:5      | Reached skill level 7 in Maces & Flails
  3416 | D:5      | Gained mutation: Your skeleton is quite flexible. (Dex +6)
                  | [demonic ancestry]
  3416 | D:5      | Reached XP level 8. HP: 60/60 MP: 8/8
  3510 | D:5      | Found Yliug's Food Boutique.
  3537 | D:5      | Found Huuhak's General Store.
  3686 | D:5      | Found Ligepli's Gadget Shop.
  3694 | D:5      | Reached skill level 5 in Armour
  3737 | D:5      | Reached skill level 8 in Maces & Flails
  3755 | D:5      | Found a shadowy altar of Dithmenos.
  3755 | D:5      | Found a blossoming altar of Fedhas.
  3755 | D:5      | Found a white marble altar of Elyvilon.
  3755 | D:5      | Found a glowing silver altar of Zin.
  3767 | D:5      | Found a sparkling altar of Nemelex Xobeh.
  3767 | D:5      | Found an ancient bone altar of Kikubaaqudgha.
  3977 | D:5      | Found Wehunkof's Assorted Antiques.
  3986 | D:5      | Bought a masterwork scale mail for 189 gold pieces
  3996 | D:5      | Identified the +4 scale mail "Ejefet" {rPois Int-4 Slay+5}
                  | (You bought it in a shop on level 5 of the Dungeon)
  3996 | D:5      | Bought a scroll of identify for 42 gold pieces
  3997 | D:5      | Bought a scroll of identify for 42 gold pieces
  4188 | D:6      | Found Folopaobb's Assorted Antiques.
  4202 | D:6      | Got an ancient granite ring
  4226 | D:6      | Found a blossoming altar of Fedhas.
  4236 | D:6      | Found Zaytuar's Antique Armour Boutique.
  4249 | D:6      | Found Miuteesh's Antique Weapon Shop.
  4257 | D:6      | Found Inucwu's Assorted Antiques.
  4299 | D:6      | Reached skill level 1 in Bows
  4433 | D:6      | Gained mutation: You are slightly more attuned to the
                  | shadows. [demonic ancestry]
  4433 | D:6      | Reached XP level 9. HP: 67/67 MP: 9/9
  4525 | D:6      | Found Eliajor's Antique Weapon Boutique.
  4577 | D:6      | Identified the ring of Wiryta {Ice rElec} (You found it on
                  | level 6 of the Dungeon)
  4584 | D:6      | Gained mutation: Scrolls take you a little longer to read.
                  | [potion of mutation]
  4584 | D:6      | Gained mutation: You have an increased reservoir of magic.
                  | (+10% MP) [potion of mutation]
  4585 | D:6      | Lost mutation: Scrolls take you a little longer to read.
                  | [potion of mutation]
  4585 | D:6      | Lost mutation: You have an increased reservoir of magic.
                  | (+10% MP) [potion of mutation]
  4585 | D:6      | Gained mutation: You are clumsy. (Dex -2) [potion of
                  | mutation]
  4585 | D:6      | Gained mutation: You are frail. (-10% HP) [potion of
                  | mutation]
  4585 | D:6      | Gained mutation: You are very clumsy. (Dex -4) [potion of
                  | mutation]
  4585 | D:6      | Gained mutation: Your muscles are strong. (Str +2) [potion
                  | of mutation]
  4632 | D:7      | Reached skill level 5 in Fighting
  4752 | D:7      | Reached skill level 9 in Maces & Flails
  4825 | D:7      | Found an ornate altar of the Wu Jian Council.
  4884 | D:7      | Found a staircase to the Ecumenical Temple.
  4930 | D:7      | Found a blossoming altar of Fedhas.
  4949 | D:7      | Noticed Dowan
  4968 | D:7      | Killed Dowan
  5009 | D:7      | Noticed Duvessa
  5016 | D:7      | Killed Duvessa
  5132 | D:7      | Noticed a komodo dragon
  5134 | D:7      | Found a staircase to the Lair.
  5137 | D:7      | Killed a komodo dragon
  5316 | D:7      | Found a runed translucent door.
  5316 | D:7      | Found a shimmering altar of Xom.
  5316 | D:7      | Noticed WandererXX's ghost (novice DsWn)
  5316 | D:7      | Noticed a +4 dagger of chaos
  5435 | D:8      | Noticed a two-headed ogre
  5444 | D:8      | Killed a two-headed ogre
  5445 | D:8      | Reached skill level 10 in Maces & Flails
  5445 | D:8      | Reached XP level 10. HP: 68/68 MP: 10/10
  5502 | Temple   | Entered the Ecumenical Temple
  5529 | Temple   | Became a worshipper of Gozag Ym Sagoz the Greedy
  5618 | D:8      | Found a stormy altar of Qazlal.
  5729 | D:8      | Found a staircase to the Orcish Mines.
  5745 | D:8      | Found a roughly hewn altar of Beogh.
  5838 | D:8      | Noticed a two-headed ogre
  5855 | D:8      | Killed a two-headed ogre
  5873 | D:8      | Reached skill level 11 in Maces & Flails
  5988 | D:8      | Found a bloodstained altar of Trog.
  6268 | D:8      | Found Fyqoitot's Distillery.
  6275 | D:8      | Bought a potion of heal wounds for 65 gold pieces
  6642 | D:6      | Bought a pair of shimmering boots for 228 gold pieces
  6647 | D:6      | Identified the cursed -2 pair of boots "Faedutut" {rF+
                  | Str-5 Dex+4} (You bought it in a shop on level 6 of the
                  | Dungeon)
  6683 | D:6      | Bought a scroll labeled FUEHARCHIDAD for 23 gold pieces
  6683 | D:6      | Bought a scroll labeled CASOEX KIONAI for 23 gold pieces
  6684 | D:6      | Identified the +0 pair of gloves of Irhor {+Blink rF- Int+9
                  | Dex+3} (You acquired it on level 6 of the Dungeon)
  6684 | D:6      | Identified the ring "Vast" {+Inv rC+ Stlth+} (You acquired
                  | it on level 6 of the Dungeon)
  7108 | D:9      | Reached skill level 12 in Maces & Flails
  7230 | D:9      | Found a glowing golden altar of the Shining One.
  7275 | D:9      | Noticed a two-headed ogre
  7277 | D:9      | Noticed Erolcha
  7281 | D:9      | Killed a two-headed ogre
  7291 | D:9      | Killed Erolcha
  7292 | D:9      | Gained mutation: Your bones are mutable (Dex +15) but body
                  | armour is less effective. [demonic ancestry]
  7292 | D:9      | Reached XP level 11. HP: 45/74 MP: 7/11
  7916 | D:6      | Bought a glowing dire flail for 217 gold pieces
  7949 | D:6      | Bought a scroll labeled HEHENL UFIN for 28 gold pieces
  8021 | D:10     | Entered Level 10 of the Dungeon
  8212 | D:10     | Noticed a two-headed ogre
  8226 | D:10     | Killed a two-headed ogre
  8489 | D:10     | Reached skill level 13 in Maces & Flails
  8512 | D:10     | Noticed a brown ugly thing
  8519 | D:10     | Killed a brown ugly thing
  9070 | D:6      | Bought a runed morningstar for 217 gold pieces
  9074 | D:6      | Lost mutation: You are frail. (-10% HP) [potion of
                  | mutation]
  9074 | D:6      | Gained mutation: You tend to lose your temper in combat.
                  | [potion of mutation]
  9074 | D:6      | Gained mutation: Your muscles are very strong. (Str +4)
                  | [potion of mutation]
  9075 | D:6      | Lost mutation: You are very clumsy. (Dex -4) [potion of
                  | mutation]
  9075 | D:6      | Lost mutation: Your muscles are very strong. (Str +4)
                  | [potion of mutation]
  9075 | D:6      | Lost mutation: You tend to lose your temper in combat.
                  | [potion of mutation]
  9075 | D:6      | Gained mutation: Your mind is acute. (Int +2) [potion of
                  | mutation]
  9075 | D:6      | Gained mutation: You expend magic power (3 MP) to
                  | strengthen your wands. [potion of mutation]
  9076 | D:6      | Lost mutation: You are clumsy. (Dex -2) [potion of
                  | mutation]
  9076 | D:6      | Lost mutation: You expend magic power (3 MP) to strengthen
                  | your wands. [potion of mutation]
  9076 | D:6      | Lost mutation: Your muscles are strong. (Str +2) [potion of
                  | mutation]
  9076 | D:6      | Lost mutation: Your mind is acute. (Int +2) [potion of
                  | mutation]
  9076 | D:6      | Gained mutation: You are frail. (-10% HP) [potion of
                  | mutation]
  9076 | D:6      | Gained mutation: You have sharp toenails. [potion of
                  | mutation]
  9077 | D:6      | Lost mutation: You are frail. (-10% HP) [potion of
                  | mutation]
  9077 | D:6      | Lost mutation: You have sharp toenails. [potion of
                  | mutation]
  9077 | D:6      | Gained mutation: You do not regenerate when monsters are
                  | visible. [potion of mutation]
  9077 | D:6      | Gained mutation: You are agile. (Dex +2) [potion of
                  | mutation]
  9188 | D:8      | Bought a potion of mutation for 104 gold pieces
  9188 | D:8      | Lost mutation: You do not regenerate when monsters are
                  | visible. [potion of mutation]
  9188 | D:8      | Lost mutation: You are agile. (Dex +2) [potion of mutation]
  9188 | D:8      | Gained mutation: You have supernaturally acute eyesight.
                  | (SInv) [potion of mutation]
  9188 | D:8      | Gained mutation: You have sharp toenails. [potion of
                  | mutation]
  9300 | D:11     | Noticed an unseen horror
  9312 | D:11     | Killed an unseen horror
  9444 | D:11     | Noticed a sea snake
  9450 | D:11     | Killed a sea snake
  9451 | D:11     | Reached skill level 5 in Bows
  9463 | D:11     | Reached skill level 14 in Maces & Flails
  9585 | D:11     | Noticed an unseen horror
  9589 | D:11     | Killed an unseen horror
  9681 | D:11     | Noticed a centaur warrior
  9688 | D:11     | Killed a centaur warrior
  9751 | D:11     | Reached XP level 12. HP: 91/92 MP: 12/12
 10478 | Lair:1   | Entered Level 1 of the Lair of Beasts
 10587 | Lair:1   | Got a brightly glowing glass ring
 10663 | Lair:1   | Reached skill level 15 in Maces & Flails
 10904 | Lair:1   | Found a runed translucent gate.
 10904 | Lair:1   | Found a runed translucent gate.
 10904 | Lair:1   | Found a runed translucent gate.
 10906 | Lair:1   | Noticed foxfromabyss's ghost (journeyman GnSA)
 10907 | Lair:1   | Noticed an 11-headed hydra
 11340 | Lair:2   | Noticed Sonja
 11346 | Lair:2   | Killed Sonja
 11460 | Lair:2   | Found a burning altar of Makhleb.
 11492 | Lair:2   | Found a staircase to the Shoals.
 12204 | Lair:2   | Identified the +1 great mace of Dagejonn {freeze, Str+6}
                  | (You acquired it on level 2 of the Lair of Beasts)
 12351 | Lair:3   | Reached skill level 16 in Maces & Flails
 12588 | Lair:3   | Found a staircase to the Snake Pit.
 13307 | Lair:4   | Reached XP level 13. HP: 100/100 MP: 13/13
 14255 | Lair:5   | Noticed Grum
 14264 | Lair:5   | Killed Grum
 14321 | Lair:5   | Found a gate leading to a gauntlet.
 14329 | Gauntlet | Entered a Gauntlet
 14329 | Gauntlet | Found a transporter.
 14329 | Gauntlet | Found a transporter.
 14345 | Gauntlet | Found a transporter.
 14350 | Gauntlet | Found a transporter.
 14363 | Gauntlet | Found a transporter.
 14368 | Gauntlet | Found a transporter.
 14368 | Gauntlet | Found a transporter.
 14368 | Gauntlet | Noticed a balrug
 14396 | Gauntlet | Found a transporter.
 14403 | Gauntlet | Found a transporter.
 14423 | Gauntlet | Found a transporter.
 14431 | Gauntlet | Found a transporter.
 14466 | Gauntlet | Found a transporter.
 14482 | Gauntlet | Found a transporter.
 14579 | Gauntlet | Found a transporter.
 14595 | Gauntlet | Found a transporter.
 14608 | Gauntlet | Found a transporter.
 14731 | Gauntlet | Reached skill level 5 in Stealth
 14785 | Gauntlet | Killed a balrug
 14786 | Gauntlet | Reached skill level 17 in Maces & Flails
 14919 | Gauntlet | Identified the +2 chain mail of the Maze {*Contam rF+++
                  | Regen+ Int+2}
 14919 | Gauntlet | Noticed a minotaur
 14924 | Gauntlet | Killed a minotaur
 15343 | Lair:5   | Found a staircase to the Elven Halls.
 15731 | Lair:6   | Entered Level 6 of the Lair of Beasts
 15756 | Lair:6   | Noticed Nessos
 16383 | Lair:6   | Gained mutation: Your flesh is cold resistant. (rC+)
                  | [demonic ancestry]
 16383 | Lair:6   | Reached XP level 14. HP: 105/108 MP: 12/14
 16407 | Lair:6   | Reached skill level 5 in Dodging
 16533 | Lair:6   | Killed Nessos
 16557 | Lair:6   | Got a pitted scimitar
 16858 | Lair:6   | Reached skill level 18 in Maces & Flails
 17552 | D:7      | Bought a runed cloak for 195 gold pieces
 17645 | Orc      | Entered the Orcish Mines
 17663 | Orc      | Found a frozen archway.
 17679 | IceCv    | Entered an ice cave
 17739 | IceCv    | Reached skill level 10 in Fighting
 18034 | IceCv    | Found an ancient bone altar of Kikubaaqudgha.
 18401 | Orc      | Killed Jorgrun
 18443 | Orc      | Noticed Urug
 18456 | Orc      | Killed Urug
 18514 | Orc      | Noticed Nergalle
 18696 | Orc      | Found a roughly hewn altar of Beogh.
 18716 | Orc      | Gained mutation: You are immune to freezing clouds.
                  | [demonic ancestry]
 18716 | Orc      | Reached XP level 15. HP: 117/117 MP: 15/15
 18731 | Orc      | Killed Nergalle
 18742 | Orc      | Found Jiyseu's Distillery.
 18764 | Orc      | Found a viscous altar of Jiyva.
 18764 | Orc      | Found a staircase to the Slime Pits.
 18764 | Orc      | Found a viscous altar of Jiyva.
 18774 | Orc      | Bought a potion of heal wounds for 70 gold pieces
 18837 | Orc      | Found Nyng's Weapon Shop.
 18837 | Orc      | Found Donty's Magic Scroll Shoppe.
 18838 | Orc      | Found Ushung's Magic Scroll Emporium.
 18838 | Orc      | Found Gisih's Antique Armour Shop.
 18847 | Orc      | Bought a scroll of acquirement for 676 gold pieces
 18894 | Orc      | Found a runed translucent gate.
 18895 | Orc      | Found a runed translucent gate.
 18895 | Orc      | Found an opulent altar of Gozag.
 18902 | Orc      | Found a runed translucent gate.
 18932 | Orc      | Noticed Sp3rw3r's ghost (journeyman SDFi)
 19109 | Orc      | Identified the +4 scale mail of the Loofah {rF+ MP+9} (You
                  | acquired it in the Orcish Mines)
 19109 | Orc      | Identified the ring "Pulerph" {+Fly MR- Str+2 Dex+6} (You
                  | acquired it in the Orcish Mines)
 19276 | Orc      | Bought a scroll of identify for 26 gold pieces
 19276 | Orc      | Bought a scroll of identify for 26 gold pieces
 19276 | Orc      | Bought a scroll of identify for 26 gold pieces
 19361 | D:8      | Killed Sp3rw3r's ghost
 19654 | D:8      | Bought a scroll of enchant weapon for 97 gold pieces
 19741 | D:6      | Bought a scroll of enchant weapon for 172 gold pieces
 19744 | D:6      | Bought the macabre finger necklace {rN+} for 400 gold
                  | pieces
 19744 | D:6      | Found the macabre finger necklace {rN+}
 19746 | D:6      | Identified the ring of Wuciosmatou {Ice rPois} (You found
                  | it on level 1 of the Lair of Beasts)
 19925 | D:12     | Entered Level 12 of the Dungeon
 20116 | D:12     | Found a portal to a secret trove of treasure.
 20247 | D:12     | Found a staircase to the Depths.
 20364 | D:12     | Noticed Louise
 20376 | D:12     | Killed Louise
 20493 | D:12     | You paid a toll of a +3 large shield to enter a treasure
                  | trove
 20494 | Trove    | Entered a treasure trove
 20497 | Trove    | Found the +1 pair of gauntlets of War {Slay+6}
 20500 | Trove    | Got a twisted plate armour
 20530 | Trove    | Got a pair of encrusted boots
 20541 | Trove    | Identified the +2 pair of boots "Wesucw" {+Fly SInv} (You
                  | found it in a treasure trove)
 20557 | Trove    | Got a scorched plate armour
 20568 | Trove    | Identified the +1 plate armour of Grottiness {rCorr} (You
                  | found it in a treasure trove)
 20578 | Trove    | Identified the +9 plate armour of the Dungeon {Regen+ Str+4
                  | Slay+2} (You found it in a treasure trove)
 20840 | D:12     | Found a gate to the Vaults.
 21339 | D:8      | Bought a potion of heal wounds for 65 gold pieces
 21470 | Snake:1  | Entered Level 1 of the Snake Pit
 21558 | Snake:1  | Reached skill level 10 in Bows
 21594 | Snake:1  | Reached skill level 19 in Maces & Flails
 21704 | Snake:1  | Noticed Azrael
 21712 | Snake:1  | Killed Azrael
 21906 | D:8      | Bought 3 scrolls of enchant weapon for 427 gold pieces
 22029 | Shoals:1 | Entered Level 1 of the Shoals
 22079 | Shoals:1 | Got a shimmering long sword
 22441 | Shoals:1 | Got a buzzing hand axe
 22808 | Shoals:2 | Noticed Frances
 22843 | Shoals:2 | Killed Frances
 22844 | Shoals:2 | Reached XP level 16. HP: 27/127 MP: 16/16
 22891 | Shoals:2 | Demolished by a merfolk impaler

Skill      XL: |  1  2  3  4  5  6  7  8  9 10 11 12 13 14 15 16 |
---------------+-------------------------------------------------+-----
Maces & Flails | 2 3 4 5 7 8 10 12 14 16 17 18 19 | 19.2
Armour         | 3 4 5 6 7 8 9 |  9.8
Dodging        | 1 2 3 4 5 |  5.9
Fighting       | 4 6 7 8 9 10 11 12 | 12.0
Stealth        | 1 3 4 5 6 |  6.8
Bows           | 1 2 4 5 6 7 8 10 | 10.8
Shields        | |  2.6
Unarmed Combat | |  0.5

Action                   |  1- 3 |  4- 6 |  7- 9 | 10-12 | 13-15 | 16-18 || total
-------------------------+-------+-------+-------+-------+-------+-------++-------
Melee: Flail             |   103 |    91 |   240 |   124 |       |       ||   558
       Headbutt          |    14 |    19 |    54 |   101 |   219 |     8 ||   415
       Unarmed           |       |    17 |       |       |       |       ||    17
       Dire flail        |       |       |       |   211 |       |       ||   211
       Kick              |       |       |       |    79 |       |       ||    79
       Great mace        |       |       |       |    48 |   199 |       ||   247
       Demon whip        |       |       |       |       |   475 |    22 ||   497
       Punch             |       |       |       |       |     1 |       ||     1
 Fire: Shortbow          |       |       |       |     3 |     6 |       ||     9
       Longbow           |       |       |       |       |    71 |       ||    71
Invok: Call Merchant     |       |       |       |       |     5 |       ||     5
  Use: Scroll            |     3 |     6 |     7 |     9 |    22 |       ||    47
       Potion            |       |       |     2 |     7 |     4 |     1 ||    14
 Stab: Sleeping          |       |       |       |    12 |     3 |       ||    15
       Distracted        |       |       |       |     2 |    13 |     1 ||    16
       Petrifying        |       |       |       |       |     1 |       ||     1
  Eat: Chunk             |     3 |     9 |    15 |     4 |       |       ||    31
       Ration            |       |       |       |     9 |    12 |       ||    21
Armor: Scale mail        |    53 |    34 |    58 |    95 |   149 |       ||   389
       Skin              |       |     3 |       |       |       |       ||     3
       Plate armour      |       |       |       |       |    48 |    12 ||    60
Dodge: Dodged            |    48 |    56 |   178 |   259 |   652 |    16 ||  1209
